Map: Proxima Station LE

Players

Serral - Winner!

  • Race: Zerg Zerg
  • Spawn Location: 7:00

Optimus

  • Race: Terran Terran
  • Spawn Location: 1:00

Event: WCS Austin 2017

VOD

Have the link to the VOD?

Description

Time

  • Played on: April 28, 2017, 7:57 p.m.
  • Length: 10:06

All games in this series

Show
View Real Time Build Order
Export as new Build Order

Serral Zerg - Winner!

Build Orders: Hatch First, Muta Ling Bane 

Get SALT Encoding   

  12  0:01  Drone  
  13  0:13  Overlord  
  13  0:17  Drone  
  14  0:31  Drone x2  
  17  0:35  Drone  
  17  0:51  Hatchery  
  17  0:55  Drone  
  17  0:58  Drone  
  18  1:09  Extractor  
  17  1:13  Spawning Pool  
  17  1:16  Drone  
  17  1:19  Drone  
  18  1:28  Drone  
  19  1:39  Overlord  
  19  1:59  Queen  
  19  2:00  Zergling x2  
  19  2:01  Zergling x2  
  23  2:03  Queen, Zergling x2  
  26  2:08  Metabolic Boost  
  26  2:13  Drone  
  26  2:14  Drone  
  28  2:23  Drone  
  28  2:25  Drone  
  30  2:39  Hatchery  
  30  2:44  Queen  
  29  2:47  Drone  
  29  2:51  Drone  
  33  2:55  Overlord  
  33  2:56  Drone  
  34  3:00  Drone  
  34  3:02  Drone  
  36  3:07  Overlord  
  36  3:14  Zergling x2  
  36  3:15  Drone x2  
  36  3:17  Drone  
  40  3:22  Queen  
  40  3:25  Drone  
  43  3:27  Drone  
  43  3:31  Zergling x2  
  45  3:34  Overlord  
  45  3:38  Spine Crawler  
  45  3:39  Drone  
  45  3:46  Drone x3  
  48  3:53  Overlord  
  48  3:54  Drone x2  
  50  3:56  Zergling x2  
  50  4:00  Zergling x2  
  52  4:02  Lair  
  52  4:04  Drone  
  52  4:06  Drone  
  52  4:07  Drone  
  55  4:14  Drone  
  55  4:15  Drone x2  
  57  4:17  Drone  
  57  4:19  Drone  
  57  4:22  Overlord  
  57  4:24  Extractor  
  58  4:28  Queen  
  60  4:31  Overlord  
  60  4:33  Drone  
  61  4:39  Overlord  
  61  4:42  Zergling x6  
  61  4:44  Drone x2  
  66  4:50  Spore Crawler  
  65  4:53  Zergling x6  
  65  4:54  Drone x3  
  65  4:57  Drone, Spore Crawler  
  71  5:03  Spire  
  71  5:04  Drone  
  71  5:06  Drone x2  
  73  5:07  Drone  
  73  5:09  Drone  
  73  5:11  Overlord  
  75  5:16  Extractor  
  75  5:17  Extractor  
  75  5:18  Baneling Nest  
  75  5:19  Drone x2  
  74  5:21  Overlord  
  74  5:28  Drone  
  74  5:32  Drone  
  74  5:33  Drone x3  
  74  5:34  Drone x2  
  74  5:35  Drone  
  80  5:37  Drone  
  80  5:38  Extractor  
  80  5:39  Extractor  
  80  5:41  Drone  
  80  5:42  Drone, Evolution Chamber  
  81  5:45  Drone x2  
  81  5:47  Drone  
  81  5:48  Drone  
  81  5:49  Drone  
  85  5:52  Drone x2  
  85  5:53  Drone  
  86  5:58  Drone x2  
  88  6:06  Overlord  
  88  6:09  Zerg Ground Armor Level 1  
  88  6:10  Drone x2  
  89  6:13  Centrifical Hooks  
  89  6:17  Overlord  
  87  6:26  Mutalisk x4  
  93  6:37  Mutalisk x2  
  93  6:38  Zergling x4  
  93  6:39  Zergling x4  
  101  6:43  Drone  
  101  6:46  Hatchery  
  98  6:48  Zergling x6  
  98  6:49  Zergling x4  
  98  6:51  Drone  
  98  6:53  Evolution Chamber  
  103  6:55  Overlord  
  103  7:04  Overlord  
  103  7:07  Zergling x6  
  106  7:08  Baneling x2  
  106  7:09  Baneling x4  
  106  7:13  Baneling  
  106  7:15  Queen  
  106  7:17  Drone x3  
  106  7:19  Baneling x3  
  106  7:20  Zerg Melee Weapons Level 1  
  111  7:26  Drone x2  
  111  7:27  Drone  
  114  7:33  Drone  
  114  7:35  Drone x3  
  113  7:38  Zergling x2  
  113  7:39  Zergling x14  
  121  7:47  Overlord x3  
  121  7:58  Overlord  
  121  7:59  Queen  
  121  8:00  Drone x3  
  121  8:03  Drone x2, Hatchery  
  127  8:06  Overlord  
  127  8:09  Overlord  
  127  8:10  Drone x2  
  130  8:12  Drone  
  130  8:19  Extractor  
  127  8:29  Mutalisk x6  
  127  8:30  Mutalisk x3  
  144  8:37  Spore Crawler  
  144  8:39  Zergling x6  
  144  8:40  Zergling x2  
  147  8:47  Overlord  
  147  8:52  Zergling x6  
  147  8:53  Zergling x8  
  147  8:54  Infestation Pit  
  153  8:56  Pneumatized Carapace  
  153  9:01  Baneling x5  
  153  9:06  Baneling x2  
  153  9:07  Baneling  
  153  9:12  Zergling x18  
  160  9:22  Mutalisk x4  
  160  9:23  Mutalisk x3  
  172  9:33  Zergling x6  
  172  9:34  Zergling x14  
  172  9:37  Baneling x3  
  172  9:38  Baneling x3  
  182  9:39  Baneling  
  182  9:40  Baneling  
  177  9:49  Zergling x8  
  174  9:54  Hatchery  
Show
View Real Time Build Order
Export as new Build Order

Optimus Terran 

Build Orders: Hellion Opening, Reaper Expand, MMM Bio 

Get SALT Encoding   

  12  0:00  SCV  
  13  0:12  SCV  
  14  0:17  Supply Depot  
  14  0:24  SCV  
  15  0:31  Refinery  
  15  0:39  SCV  
  16  0:45  Barracks  
  16  0:51  SCV  
  17  1:03  SCV  
  18  1:15  SCV  
  19  1:32  Reaper, Orbital Command  
  20  1:44  Command Center  
  20  1:54  Factory  
  20  1:59  SCV  
  21  2:08  Supply Depot, Barracks Reactor  
  21  2:12  SCV  
  22  2:17  Refinery  
  22  2:24  SCV  
  23  2:36  SCV  
  24  2:45  Starport  
  24  2:48  SCV  
  24  2:49  Hellion x2  
  24  2:50  Marine  
  26  2:58  Orbital Command  
  30  3:01  SCV  
  31  3:10  Barracks Tech Lab  
  31  3:13  SCV  
  31  3:15  Hellion  
  31  3:17  Hellion  
  36  3:24  SCV  
  36  3:25  SCV  
  38  3:33  Viking  
  40  3:36  SCV  
  40  3:37  Supply Depot  
  40  3:39  SCV  
  42  3:45  Hellion  
  42  3:46  Hellion  
  46  3:51  Supply Depot  
  46  3:58  SCV x2  
  48  4:03  Raven  
  48  4:08  Hellion x2  
  54  4:13  SCV x2  
  47  4:25  SCV x2  
  49  4:32  Barracks Tech Lab  
  49  4:34  Command Center  
  49  4:36  Supply Depot  
  49  4:37  SCV  
  49  4:38  SCV  
  49  4:46  Raven  
  49  4:49  SCV  
  49  4:52  Factory Reactor  
  52  4:54  Stimpack  
  52  4:55  Barracks  
  52  4:56  SCV  
  52  4:57  Barracks, Marine  
  54  5:01  SCV  
  55  5:07  Engineering Bay  
  55  5:09  SCV  
  55  5:10  Engineering Bay  
  55  5:13  SCV  
  57  5:15  Refinery  
  57  5:18  Marine  
  58  5:21  SCV  
  58  5:24  Barracks  
  58  5:25  SCV  
  58  5:26  Barracks  
  60  5:33  SCV  
  61  5:36  Marine  
  61  5:37  SCV  
  61  5:41  Factory Reactor, Terran Infantry Weapons Level 1, Starport Reactor  
  63  5:44  Refinery  
  63  5:45  Terran Infantry Armor Level 1  
  63  5:46  SCV  
  65  5:50  Marine x2, SCV  
  65  5:54  Marine  
  68  5:58  SCV  
  68  5:59  Supply Depot  
  68  6:02  Orbital Command  
  68  6:03  Marine x2  
  71  6:05  SCV  
  71  6:08  Marine  
  71  6:10  SCV  
  74  6:15  Barracks Reactor  
  74  6:16  Barracks Reactor, Marine x2  
  74  6:17  SCV  
  74  6:18  Medivac  
  79  6:20  Medivac  
  79  6:22  SCV  
  82  6:25  Marine x2  
  82  6:26  Marine  
  82  6:28  Widow Mine x2  
  82  6:29  SCV  
  82  6:30  SCV  
  91  6:34  SCV  
  91  6:35  Marine  
  93  6:43  Supply Depot  
  93  6:44  Marine x4, SCV  
  93  6:46  SCV  
  99  6:49  Supply Depot, Bunker  
  99  6:53  Marine  
  101  6:56  Combat Shields  
  101  6:58  SCV  
  101  7:00  Barracks  
  101  7:02  Barracks  
  101  7:03  Barracks  
  101  7:04  Marine x2  
  101  7:07  SCV  
  104  7:10  Supply Depot  
  104  7:12  Armory  
  104  7:14  Marine x4  
  108  7:15  SCV  
  108  7:19  Medivac  
  108  7:20  Medivac  
  108  7:21  SCV  
  108  7:22  SCV  
  115  7:28  Widow Mine x2, SCV  
  117  7:33  SCV  
  117  7:34  SCV  
  110  7:40  Marine, SCV  
  106  7:44  Marine x3  
  106  7:45  SCV  
  106  7:49  Medivac  
  112  7:55  SCV x2  
  112  7:56  Missile Turret  
  112  7:57  Supply Depot, Missile Turret, Barracks Tech Lab x2  
  108  8:04  SCV  
  104  8:07  Medivac, SCV  
  104  8:14  Marine x2  
  104  8:19  Medivac  
  106  8:28  SCV  
  106  8:31  Widow Mine x2  
  106  8:32  Marine x7  
  119  8:37  Medivac  
  120  8:43  SCV  
  120  8:44  Marine  
  120  8:45  Marauder  
  124  8:49  Marine  
  124  8:50  Marauder, Marine x2  
  124  8:55  SCV  
  128  8:59  Marine x2  
  128  9:00  Marine x3  
  133  9:10  Supply Depot x2, Widow Mine x2, Marauder x2  
  133  9:13  Marauder  
  139  9:21  Marine  
  133  9:25  Marine x4  
  133  9:26  Marine x4  
  133  9:30  Supply Depot  
  140  9:31  Marine  
  140  9:32  Marauder  
  143  9:39  Marine  
  143  9:40  Marauder  
Tags
 
Add a new tag
Caveats
  • Supply blocks, unpowered buildings, or Contaminate may cause inaccurate times.
  • Supply counts are checked every 10 seconds.